 Dungeon Crawl Stone Soup version 0.29.0-4-gdea44cf6ec (webtiles) character file.

Game seed: 9185439987223207560

4195 qw the Cleaver (level 10, -1/58 (60) HPs)
             Began as a Tengu Warper on Aug 28, 2022.
             Was a Believer of Okawaru.
             Slain by a purple ugly thing (16 damage)
             ... on level 7 of the Dungeon.
             The game lasted 00:00:59 (9727 turns).

qw the Cleaver (Tengu Warper)                       Turns: 9727, Time: 00:01:00

HP:   -1/58 (60)    AC: 14    Str: 15    XL:     10   Next: 29%
MP:   13/14         EV:  8    Int: 13    God:    Okawaru [**....]
Gold: 49            SH:  6    Dex: 15    Spells: 13/13 levels left

rFire   + . .      SeeInvis +   Y - +2 hand axe (elec)
rCold   . . .      Faith    .   m - +0 buckler
rNeg    . . .      Spirit   .   a - +0 plate armour {rF+}
rPois   .          Reflect  .   (helmet restricted)
rElec   .          Harm     .   (no cloak)
rCorr   .          Rampage  .   (no gloves)
Will    .....                   (boots unavailable)
Stlth   ..........              (no amulet)
HPRegen 0.19/turn               (no ring)
MPRegen 0.14/turn               (no ring)

@: heroic, flying quickly and evasively, lightly drained, quick
A: beak, talons 3, nimble flight, see invisible
a: Renounce Religion, Heroism


You were on level 7 of the Dungeon.
You worshipped Okawaru.
Okawaru was pleased with you.
You visited 2 branches of the dungeon, and saw 8 of its levels.
You also visited: Sewer and Ossuary.

You collected 369 gold pieces.
You spent 320 gold pieces at shops.


Innate Abilities, Weirdness & Mutations

You have a beak for a mouth.
You have claws for feet.
Your magical nature lets you fly swiftly and evasively.
You have supernaturally acute eyesight. (SInv)


   Skills:
 + Level 5.8(10.8) Fighting
 - Level 12.0(17.0) Axes
 - Level 2.6(7.6) Throwing
 - Level 5.0(10.0) Armour
 - Level 3.0(8.0) Dodging
 - Level 3.3(8.3) Shields
 - Level 2.0 Spellcasting
 - Level 2.4 Translocations
 - Level 4.0 Invocations


You had 13 spell levels left.
You didn't know any spells.
Your spell library contained the following spells:

 Spells                   Type           Power      Damage    Failure   Level
 Blink                    Tloc           14%        N/A       100%        2
 Gell's Gravitas          Tloc           7%         N/A       100%        3
 Lesser Beckoning         Tloc           7%         N/A       100%        3
 Teleport Other           Tloc           7%         N/A       100%        3
 Manifold Assault         Tloc           7%         N/A       100%        5

Inventory:

Hand Weapons
 b - a +0 flail
 Y - a +2 hand axe of electrocution (weapon)
Missiles
 i - 3 boomerangs (quivered)
Armour
 a - a +0 plate armour of fire resistance (worn)
 m - a +0 buckler (worn)
Scrolls
 e - 3 scrolls of teleportation
 k - 4 scrolls of identify
Potions
 c - a potion of heal wounds
 g - 9 potions of curing
 h - a potion of cancellation
 j - 2 potions of mutation
 l - 4 potions of might

Dungeon Overview and Level Annotations

Branches:
Dungeon (7/15)             Temple (1/1) D:5           Sewer (visited)
Ossuary (visited)

Altars:
Ashenzari
Cheibriados
Elyvilon
Gozag
Hepliaklqana
Kikubaaqudgha
Nemelex Xobeh
Okawaru
Qazlal
Ru
Sif Muna
Trog
Uskayaw
Vehumet
Wu Jian
Yredelemnul
Zin
The Shining One

Shops:
D:2 [   D:6 ?   D:7 !

Annotations:
D:3 1 runed translucent door, Crazy Yiuf


Message History

Okawaru accepts your kill.
You hit the purple ugly thing but do no damage.
You hit the orc wizard.
Lightning courses through the orc wizard!
You kill the orc wizard!
Okawaru accepts your kill. The purple ugly thing gores you!
You slash the howler monkey!
Lightning courses through the howler monkey!
You kill the howler monkey!
Okawaru accepts your kill.
You hit the purple ugly thing but do no damage.
You hit the scorpion. Lightning courses through the scorpion!
You kill the scorpion!
Okawaru accepts your kill. The purple ugly thing gores you.
You hit the purple ugly thing.
The purple ugly thing is lightly wounded.
You hit the purple ugly thing. Your kick misses the purple ugly thing.
The purple ugly thing is lightly wounded.
You hit the wight. You hit the cyclops but do no damage.
The purple ugly thing gores you but does no damage.
You barely miss the purple ugly thing. Your kick misses the purple ugly thing.
The purple ugly thing is lightly wounded.
You hit the cyclops but do no damage. Lightning courses through the cyclops!
You hit the wight. The wight hits you with a +3 battleaxe!
You feel drained. The purple ugly thing gores you.
The cyclops hits you but does no damage.
You hit the cyclops. Lightning courses through the cyclops!
You claw the cyclops, but do no damage.
The cyclops is almost dead.
You barely miss the wight. You hit the purple ugly thing.
The wight hits you with a +3 battleaxe!
You hit the cyclops. You claw the cyclops.
You kill the cyclops!
Okawaru is honoured by your kill.
You slash the wight! You closely miss the purple ugly thing.
The purple ugly thing gores you!
You die...

.....................[........###
#####....#####...############....
####.....#.# #..## #####
.........#.(##...#
.........#...##..####+####
.....##<.#....##.#.......#
.....###.#!....###.}...}.##+####
#..### #.#!)...z##..}....##.888##
(..###.#.##)...u@'...}...#8....).
.........#(!...(##....}..##.888#.
...#######)....# #.}...}.##'####.
...### #....# #.......#...# #.
.....## #...# ####%####..## #.
..##..## #..#########....'.#.# #.
#####..###.###......##...##### #.
##..####.........##### #.
#.../....######.# ##


You could see a purple ugly thing and a wight.

Vanquished Creatures
  A cyclops (D:7)
  A slime creature (D:7)
  A steam dragon (D:6)
  An orc warrior (D:7)
  4 ice beasts (D:6)
  2 sky beasts (D:7)
  2 ogres (D:5)
  Pargi (Sewer)
  A black bear (D:5)
  A phantom (D:5)
  A bullfrog (D:7)
  2 necrophages
  A gnoll sergeant (D:6)
  14 scorpions
  A water moccasin zombie (D:5)
  3 wights (D:7)
  A howler monkey (D:7)
  3 human zombies
  6 bullfrog zombies (D:5)
  3 hounds
  2 jellies
  4 centaur zombies
  2 orc priests
  A bullfrog skeleton (D:5)
  9 scorpion zombies (Ossuary)
  An iguana (D:5)
  5 orc wizards
  2 hound zombies (D:5)
  5 mummies
  3 howler monkey zombies (D:5)
  11 gnolls
  11 adders
  A shadow imp (D:7)
  A white imp (D:7)
  An ufetubus (D:7)
  An adder zombie (D:5)
  24 orcs
  9 ball pythons
  6 bats
  7 endoplasms
  3 giant cockroaches
  6 goblins
  8 hobgoblins
  2 quokkas
  5 frilled lizards (Sewer)
  A goblin zombie (Ossuary)
  3 hobgoblin zombies (Ossuary)
  15 kobolds
  4 kobold zombies (Ossuary)
  3 orc zombies (Ossuary)
  6 rats
212 creatures vanquished.

Vanquished Creatures (others)
  2 plants
2 creatures vanquished.

Grand Total: 214 creatures vanquished

Notes
Turn   | Place    | Note
-------+----------+-------------------------------------------
     0 | D:1      | qw the Tengu Warper began the quest for the Orb.
     0 | D:1      | Reached XP level 1. HP: 12/12 MP: 4/4
     0 | D:1      | 0 ||| qw: Version: 0.1-a-89-g26bdef1
     0 | D:1      | 0 ||| qw: Game counter: 3038
     0 | D:1      | 0 ||| qw: Always use a shield: true
     0 | D:1      | 0 ||| qw: God list: Okawaru
     0 | D:1      | 0 ||| qw: Allow faded altars: false
     0 | D:1      | 0 ||| qw: Do Orc after D:15 true
     0 | D:1      | 0 ||| qw: Do second Lair branch before Depths: true
     0 | D:1      | 0 ||| qw: Lair rune preference: random
     0 | D:1      | 0 ||| qw: Plans: Normal
     0 | D:1      | 0 ||| PLANNING D:1-11
    20 | D:1      | HP: 3/12 [giant cockroach (2)]
   314 | D:1      | Found a faded altar of an unknown god.
   325 | D:1      | Reached skill level 3 in Axes
   325 | D:1      | Reached XP level 2. HP: 17/17 MP: 6/6
   333 | D:1      | 333 ||| Stepping ~*~*~tactically~*~*~ (stealth).
   336 | D:1      | 336 ||| Stepping ~*~*~tactically~*~*~ (stealth).
   381 | D:1      | 381 ||| Stepping ~*~*~tactically~*~*~ (stealth).
   559 | D:1      | 559 ||| Stepping ~*~*~tactically~*~*~ (stealth).
   629 | D:1      | Reached XP level 3. HP: 21/21 MP: 7/7
   632 | D:1      | 632 ||| DROPPING +0 club.
  1004 | D:1      | Reached skill level 4 in Axes
  1094 | D:1      | 1094 ||| UPGRADING to +0 ring mail.
  1104 | D:1      | 1104 ||| DROPPING +0 leather armour.
  1105 | D:1      | 1105 ||| DROPPING amulet of magic regeneration.
  1106 | D:1      | 1106 ||| UPGRADING to ring of see invisible.
  1107 | D:1      | 1107 ||| READING scroll labelled ALEDWY TIDD.
  1108 | D:1      | 1108 ||| READING scroll labelled JEODOOSUNI.
  1109 | D:1      | 1109 ||| READING 2 scrolls labelled SOAM BEOFELUEL.
  1112 | D:1      | 1112 ||| READING 2 scrolls labelled GIMISYRAORGH.
  1113 | D:1      | 1113 ||| READING scroll labelled ADEPIS HOVAC.
  1114 | D:1      | 1114 ||| DRINKING 2 yellow potions.
  1161 | D:1      | 1161 ||| DROPPING scroll of blinking.
  1162 | D:1      | 1162 ||| DROPPING potion of lignification.
  1200 | D:2      | Found Azxuod's Armour Emporium.
  1212 | D:2      | 1212 ||| SHOPLISTING +0 buckler (63 gold, have 32).
  1212 | D:2      | 1212 ||| SHOPLISTING +0 chain mail (63 gold, have 32).
  1212 | D:2      | 1212 ||| SHOPLISTING +0 plate armour (322 gold, have 32).
  1212 | D:2      | 1212 ||| SHOPLISTING +0 scale mail (56 gold, have 32).
  1212 | D:2      | 1212 ||| SHOPLISTING +1 cloak of poison resistance (189
                  | gold, have 32).
  1502 | D:2      | 1502 ||| DROPPING +0 mace.
  1907 | D:2      | 1907 ||| Stepping ~*~*~tactically~*~*~ (water).
  1912 | D:2      | Reached XP level 4. HP: 23/26 MP: 8/8
  2070 | D:2      | 2070 ||| UPGRADING to +0 plate armour of fire resistance.
  2080 | D:2      | 2080 ||| DROPPING +0 ring mail.
  2081 | D:2      | 2081 ||| READING 2 scrolls of identify.
  2081 | D:2      | 2081 ||| IDENTIFYING purple potion
  2082 | D:2      | 2082 ||| DROPPING potion of flight.
  2110 | D:3      | 2110 ||| PLANNING SEWER
  2222 | D:3      | 2222 ||| Stepping ~*~*~tactically~*~*~ (stealth).
  2297 | D:3      | Found a glowing drain.
  2447 | Sewer    | Entered a sewer
  2495 | Sewer    | Noticed Pargi
  2504 | Sewer    | Killed Pargi
  2505 | Sewer    | Reached skill level 5 in Axes
  2505 | Sewer    | Gained mutation: Your magical nature lets you fly swiftly
                  | and evasively. [Tengu growth]
  2505 | Sewer    | Reached XP level 5. HP: 11/30 MP: 9/9
  2506 | Sewer    | HP: 6/30 [adder (2)]
  2507 | Sewer    | 2507 ||| READING scroll of teleportation.
  2510 | Sewer    | HP: 2/30 [poisoned by an adder]
  2962 | Sewer    | 2962 ||| READING scroll labelled GOCIAZX EMURCHAIH.
  2963 | Sewer    | 2963 ||| READING scroll labelled PYKHLAU AKASIHO.
  2964 | Sewer    | 2964 ||| READING scroll labelled RONALI FOXOO.
  2965 | Sewer    | 2965 ||| DRINKING 2 viscous dark potions.
  2965 | Sewer    | Gained mutation: You occasionally lose the ability to read
                  | scrolls when taking damage. [potion of mutation]
  2965 | Sewer    | Gained mutation: Your flesh is heat resistant. (rF+)
                  | [potion of mutation]
  2965 | Sewer    | Gained mutation: A frigid envelope surrounds you and
                  | freezes all who hurt you. [potion of mutation]
  2966 | Sewer    | 2966 ||| DRINKING potion of mutation.
  2966 | Sewer    | Lost mutation: Your flesh is heat resistant. (rF+) [potion
                  | of mutation]
  2966 | Sewer    | Lost mutation: A frigid envelope surrounds you and freezes
                  | all who hurt you. [potion of mutation]
  2966 | Sewer    | Lost mutation: You occasionally lose the ability to read
                  | scrolls when taking damage. [potion of mutation]
  2966 | Sewer    | Gained mutation: You have supernaturally acute eyesight.
                  | (SInv) [potion of mutation]
  2967 | Sewer    | 2967 ||| REMOVING ring of see invisible.
  2968 | Sewer    | 2968 ||| DROPPING ring of see invisible.
  2972 | D:3      | 2972 ||| PLANNING D:1-11
  3094 | D:3      | 3094 ||| Stepping ~*~*~tactically~*~*~ (stealth).
  3095 | D:3      | 3095 ||| Stepping ~*~*~tactically~*~*~ (stealth).
  3096 | D:3      | 3096 ||| Stepping ~*~*~tactically~*~*~ (stealth).
  3168 | D:3      | 3168 ||| FLEEEEING.
  3169 | D:3      | 3169 ||| FLEEEEING.
  3170 | D:3      | 3170 ||| FLEEEEING.
  3174 | D:3      | 3174 ||| FLEEEEING.
  3175 | D:3      | 3175 ||| FLEEEEING.
  3176 | D:3      | 3176 ||| FLEEEEING.
  3177 | D:3      | 3177 ||| FLEEEEING.
  3178 | D:3      | 3178 ||| FLEEEEING.
  3194 | D:3      | 3194 ||| FLEEEEING.
  3195 | D:3      | 3195 ||| FLEEEEING.
  3196 | D:3      | 3196 ||| FLEEEEING.
  3197 | D:3      | 3197 ||| FLEEEEING.
  3203 | D:3      | HP: 7/30 [poisoned by a kobold]
  3211 | D:3      | 3211 ||| FLEEEEING.
  3212 | D:3      | 3212 ||| FLEEEEING.
  3213 | D:3      | 3213 ||| FLEEEEING.
  3221 | D:3      | 3221 ||| FLEEEEING.
  3222 | D:3      | 3222 ||| FLEEEEING.
  3223 | D:3      | 3223 ||| STAIRDANCE
  3462 | D:3      | Reached skill level 6 in Axes
  3524 | D:3      | Reached XP level 6. HP: 33/35 MP: 10/10
  3699 | D:3      | Found an opulent altar of Gozag.
  3897 | D:3      | 3897 ||| Stepping ~*~*~tactically~*~*~ (stealth).
  3900 | D:3      | 3900 ||| Stepping ~*~*~tactically~*~*~ (stealth).
  3906 | D:3      | 3906 ||| Stepping ~*~*~tactically~*~*~ (stealth).
  3913 | D:3      | 3913 ||| Stepping ~*~*~tactically~*~*~ (hiding).
  3972 | D:3      | 3972 ||| Stepping ~*~*~tactically~*~*~ (stealth).
  3986 | D:3      | Reached skill level 7 in Axes
  4112 | D:3      | 4112 ||| Stepping ~*~*~tactically~*~*~ (stealth).
  4135 | D:3      | 4135 ||| Stepping ~*~*~tactically~*~*~ (stealth).
  4140 | D:3      | 4140 ||| Stepping ~*~*~tactically~*~*~ (stealth).
  4228 | D:3      | Found a runed translucent door.
  4229 | D:3      | Noticed Crazy Yiuf
  4495 | D:3      | 4495 ||| DRINKING 2 clear potions.
  4496 | D:3      | 4496 ||| DRINKING 2 viscous yellow potions.
  4757 | D:4      | Found a radiant altar of Vehumet.
  4832 | D:4      | Found a glowing golden altar of the Shining One.
  4872 | D:4      | Reached skill level 3 in Armour
  4872 | D:4      | Reached XP level 7. HP: 19/40 MP: 11/11
  5104 | D:4      | Found a hazy altar of Hepliaklqana.
  5112 | D:4      | Found a sparkling altar of Nemelex Xobeh.
  5177 | D:4      | 5177 ||| Stepping ~*~*~tactically~*~*~ (hiding).
  5493 | D:4      | 5493 ||| UPGRADING to +0 buckler.
  5498 | D:4      | 5498 ||| READING 2 scrolls labelled XADYOX NAYDEG.
  5499 | D:4      | 5499 ||| READING 2 scrolls of identify.
  5499 | D:4      | 5499 ||| IDENTIFYING murky white potion
  5500 | D:4      | 5500 ||| DROPPING potion of degeneration.
  5501 | D:4      | 5501 ||| DROPPING scroll of poison.
  5502 | D:4      | 5502 ||| READING 2 scrolls of teleportation.
  5534 | D:5      | Entered Level 5 of the Dungeon
  5545 | D:5      | Reached skill level 1 in Shields
  5831 | D:5      | 5831 ||| Stepping ~*~*~tactically~*~*~ (stealth).
  5833 | D:5      | 5833 ||| Stepping ~*~*~tactically~*~*~ (stealth).
  5848 | D:5      | Reached skill level 3 in Fighting
  6177 | D:5      | Found a staircase to the Ecumenical Temple.
  6178 | D:5      | 6178 ||| PLANNING TEMPLE
  6188 | D:5      | Reached skill level 8 in Axes
  6188 | D:5      | Reached XP level 8. HP: 42/48 MP: 12/12
  6194 | D:5      | HP: 7/48 [acid (7)]
  6195 | D:5      | 6195 ||| READING 2 scrolls of teleportation.
  6196 | D:5      | 6196 ||| DRINKING potion of heal wounds.
  6241 | D:5      | 6241 ||| Stepping ~*~*~tactically~*~*~ (stealth).
  6297 | D:5      | 6297 ||| READING scroll labelled BIJ FUYTROIRO.
  6321 | D:5      | 6321 ||| Stepping ~*~*~tactically~*~*~ (stealth).
  6494 | D:5      | Reached skill level 9 in Axes
  6611 | D:5      | 6611 ||| Stepping ~*~*~tactically~*~*~ (hiding).
  6711 | D:5      | Found a basalt altar of Yredelemnul.
  7231 | D:5      | Found a glowing silver altar of Zin.
  7239 | D:5      | 7239 ||| READING scroll labelled MOEKOI TEUCSYC.
  7382 | D:5      | 7382 ||| DRINKING 2 green potions.
  7383 | D:5      | 7383 ||| READING 2 scrolls of identify.
  7383 | D:5      | 7383 ||| IDENTIFYING murky brown potion
  7384 | D:5      | 7384 ||| DROPPING potion of ambrosia.
  7385 | D:5      | 7385 ||| DROPPING potion of attraction.
  7476 | Temple   | Entered the Ecumenical Temple
  7516 | Temple   | Became a worshipper of Warmaster Okawaru
  7603 | Temple   | 7603 ||| PLANNING D:1-11
  7754 | D:6      | Found Zaje's Magic Scroll Shoppe.
  7763 | D:6      | 7763 ||| SHOPLISTING scroll of acquirement (676 gold, have
                  | 249).
  7763 | D:6      | 7763 ||| BUYING scroll of brand weapon (123 gold).
  7763 | D:6      | Bought a scroll of brand weapon for 123 gold pieces
  7763 | D:6      | 7763 ||| BUYING scroll of identify (26 gold).
  7763 | D:6      | Bought a scroll of identify for 26 gold pieces
  7763 | D:6      | 7763 ||| BUYING scroll of teleportation (39 gold).
  7763 | D:6      | Bought a scroll of teleportation for 39 gold pieces
  7763 | D:6      | 7763 ||| READING scroll of brand weapon.
  7763 | D:6      | 7763 ||| BRANDING +0 hand axe of protection.
  7779 | D:6      | Reached skill level 10 in Axes
  7814 | D:6      | 7814 ||| Stepping ~*~*~tactically~*~*~ (hiding).
  7822 | D:6      | Reached skill level 3 in Shields
  7822 | D:6      | Reached XP level 9. HP: 47/52 MP: 13/13
  7915 | D:6      | 7915 ||| Stepping ~*~*~tactically~*~*~ (stealth).
  8290 | D:6      | 8290 ||| DROPPING +1 mace of protection.
  8302 | D:6      | 8302 ||| READING scroll labelled ZAKHYN XENI.
  8303 | D:6      | 8303 ||| READING 2 scrolls of identify.
  8303 | D:6      | 8303 ||| IDENTIFYING bubbling clear potion
  8304 | D:6      | 8304 ||| DROPPING potion of berserk rage.
  8331 | D:7      | 8331 ||| PLANNING OSSUARY
  8333 | D:7      | 8333 ||| STAIRDANCE
  8350 | D:6      | Reached * piety under Okawaru
  8521 | D:7      | 8521 ||| STAIRDANCE
  8546 | D:6      | 8546 ||| SWAPPING to +2 hand axe of electrocution.
  8547 | D:6      | 8547 ||| DROPPING +0 hand axe of draining.
  8587 | D:7      | 8587 ||| Stepping ~*~*~tactically~*~*~ (hiding).
  8596 | D:7      | 8596 ||| INVOKING Heroism.
  8598 | D:7      | Reached skill level 1 in Invocations
  8699 | D:7      | 8699 ||| INVOKING Heroism.
  8701 | D:7      | 8701 ||| Stepping ~*~*~tactically~*~*~ (hiding).
  8702 | D:7      | 8702 ||| Stepping ~*~*~tactically~*~*~ (hiding).
  8705 | D:7      | 8705 ||| Stepping ~*~*~tactically~*~*~ (hiding).
  8716 | D:7      | Reached skill level 11 in Axes
  8762 | D:7      | Found a sand-covered staircase.
  8763 | D:7      | 8763 ||| READING 3 scrolls of identify.
  8763 | D:7      | 8763 ||| IDENTIFYING fizzy pink potion
  8764 | D:7      | 8764 ||| DROPPING potion of invisibility.
  8777 | D:7      | 8777 ||| INVOKING Heroism.
  8808 | Ossuary  | Entered an ossuary
  8841 | Ossuary  | 8841 ||| INVOKING Heroism.
  8891 | Ossuary  | 8891 ||| INVOKING Heroism.
  8895 | Ossuary  | Reached skill level 3 in Invocations
  9047 | Ossuary  | 9047 ||| INVOKING Heroism.
  9049 | Ossuary  | 9049 ||| Stepping ~*~*~tactically~*~*~ (stealth).
  9063 | Ossuary  | Reached XP level 10. HP: 59/59 MP: 12/14
  9065 | Ossuary  | 9065 ||| Stepping ~*~*~tactically~*~*~ (stealth).
  9066 | Ossuary  | 9066 ||| Stepping ~*~*~tactically~*~*~ (stealth).
  9111 | Ossuary  | 9111 ||| INVOKING Heroism.
  9166 | Ossuary  | 9166 ||| INVOKING Heroism.
  9182 | Ossuary  | Reached skill level 12 in Axes
  9201 | Ossuary  | 9201 ||| READING scroll labelled ECLUTT ASINE.
  9302 | Ossuary  | 9302 ||| READING scroll labelled MOAMAS REONTA.
  9303 | Ossuary  | 9303 ||| READING 5 scrolls of identify.
  9303 | Ossuary  | 9303 ||| IDENTIFYING fuming white potion
  9365 | D:7      | 9365 ||| PLANNING D:1-11
  9433 | D:7      | Found Emaculeod's Distillery.
  9451 | D:7      | Reached ** piety under Okawaru
  9511 | D:7      | 9511 ||| BUYING potion of curing (33 gold).
  9511 | D:7      | Bought a potion of curing for 33 gold pieces
  9511 | D:7      | 9511 ||| BUYING potion of curing (33 gold).
  9511 | D:7      | Bought a potion of curing for 33 gold pieces
  9511 | D:7      | 9511 ||| BUYING potion of curing (33 gold).
  9511 | D:7      | Bought a potion of curing for 33 gold pieces
  9511 | D:7      | 9511 ||| BUYING potion of curing (33 gold).
  9511 | D:7      | Bought a potion of curing for 33 gold pieces
  9511 | D:7      | 9511 ||| SHOPLISTING potion of heal wounds (55 gold, have
                  | 23).
  9511 | D:7      | 9511 ||| SHOPLISTING potion of resistance (110 gold, have
                  | 23).
  9664 | D:7      | Reached skill level 3 in Dodging
  9696 | D:7      | 9696 ||| Stepping ~*~*~tactically~*~*~ (hiding).
  9712 | D:7      | Noticed a purple ugly thing
  9713 | D:7      | 9713 ||| INVOKING Heroism.
  9713 | D:7      | Noticed a cyclops
  9727 | D:7      | Killed a cyclops
  9727 | D:7      | Slain by a purple ugly thing

Levels and vault maps discovered:
D:1:      lightli_arrival_maybe_door_vault, layout_loops_cross,
          ebering_ecumenical_altar_rust
D:2:      layout_basic, serial_shops, shop, nicolae_eternal_life,
          serial_bayou_pond_c
D:3:      layout_loops_corners, grunt_gozag_breadcrumbs,
          cheibrodos_sewer_entry_sluice, cheibrodos_gnoll_hut,
          uniq_crazy_yiuf_cottage
D:4:      layout_loops_ring, kennysheep_little_box,
          nicolae_tso_swordbearing_angel, jmf_multi_god_temple
D:5:      layout_loops_corners, lemuel_mausoleum_altar_yredelemnul,
          mainiacjoe_overflow_alcove_2, minmay_temple_entry_mist, serial_undead,
          serial_undead_a, serial_undead_e, serial_undead_d, serial_undead_c,
          serial_undead_d
D:6:      layout_rooms, serial_shops, shop, serial_bayou_pond_d
D:7:      minmay_chambers_of_sevens, layout_basic, serial_shops,
          nicolae_shop_waterfront, nicolae_ossuary_entry_ruins
Temple:   nicolae_temple_bog_church

Skill      XL: |  1  2  3  4  5  6  7  8  9 10 |
---------------+-------------------------------+-----
Axes           | 3 4 5 6 7 8 10 11 12 | 12.0
Armour         | 2 3 4 5 |  5.0
Shields        | 2 3 |  3.3
Fighting       | 3 4 5 |  5.8
Throwing       | 2 |  2.6
Invocations    | 3 4 |  4.0
Dodging        | 3 |  3.0
Spellcasting   | |  2.0
Translocations | |  2.4

Action                   |  1- 3 |  4- 6 |  7- 9 | 10-12 || total
-------------------------+-------+-------+-------+-------++-------
Melee: Hand axe          |    79 |   132 |   395 |    84 ||   690
       Kick              |    16 |    30 |   160 |    30 ||   236
       Peck              |     4 |    25 |    97 |    15 ||   141
       Punch             |       |     2 |       |       ||     2
Throw: Boomerang         |     7 |     2 |    38 |    12 ||    59
       Javelin           |       |    39 |    25 |     1 ||    65
Invok: Heroism           |       |       |     6 |     3 ||     9
  Use: Scroll            |     5 |     5 |    11 |     3 ||    24
       Potion            |     1 |     4 |     2 |       ||     7
Armor: Leather armour    |     7 |       |       |       ||     7
       Ring mail         |     7 |       |       |       ||     7
       Plate armour      |       |   108 |   182 |    25 ||   315
Dodge: Dodged            |    33 |    25 |    44 |     7 ||   109
Block: Buckler           |       |       |    51 |    10 ||    61

Table legend:
 A = Non-vault XP
 B = Vault XP
 C = Vault XP percentage of total XP
 D = Non-vault monster count
 E = Vault monster count
 F = Vault count percentage of total count
                 A         B        C        D         E       F
            +---------+---------+-------+---------+---------+-------
      Total |    2781 |    3700 |  57.1 |     127 |      85 |  40.1
            +---------+---------+-------+---------+---------+-------
        D:1 |      48 |       0 |   0.0 |      25 |       0 |   0.0
        D:2 |      34 |       0 |   0.0 |       8 |       0 |   0.0
        D:3 |     189 |     104 |  35.5 |      27 |       5 |  15.6
        D:4 |     101 |       4 |   3.8 |       8 |       2 |  20.0
        D:5 |     706 |     768 |  52.1 |      27 |      20 |  42.6
        D:6 |    1046 |       0 |   0.0 |      17 |       0 |   0.0
        D:7 |     657 |    1169 |  64.0 |      15 |      10 |  40.0
      Sewer |       0 |     159 | 100.0 |       0 |      10 | 100.0
    Ossuary |       0 |    1496 | 100.0 |       0 |      38 | 100.0
            +---------+---------+-------+---------+---------+-------
